 Dungeon Crawl Stone Soup version 0.30.1-11-g7821555f0a (webtiles) character file.

Game seed: 186979149302272906

4 ChrisAssaf the Magician (level 1, -1/15 HPs)
             Began as a Djinni Venom Mage on Nov 28, 2023.
             Slain by a hobgoblin (4 damage)
             ... on level 1 of the Dungeon.
             The game lasted 00:00:41 (101 turns).

ChrisAssaf the Magician (Djinni Venom Mage)          Turns: 101, Time: 00:00:42

Health: -1/15      AC:  0    Str:  4 (7)  XL:     1   Next: 66%
Gold:   0          EV: 12    Int: 14 (16) God:
                   SH:  0    Dex: 12 (13)

rFire   + + .        b - +0 dagger
rCold   x . .        (no shield)
rNeg    . . .        (no body armour)
rPois   ∞            (no helmet)
rElec   .            (no cloak)
rCorr   .            (no gloves)
SInv    .            (boots unavailable)
Will    .....        (no amulet)
Stlth   ++           (no ring)
HPRegen 0.22/turn    (no ring)
MPRegen 0.00/turn

%: infuse magic (-2 HP)
@: flying
A: sickness immunity, fire resistance 2, cold vulnerability 1, float, innate
caster, HP casting, extra vitality 1
a: no special abilities


You were on level 1 of the Dungeon.
You visited 1 branch of the dungeon, and saw 1 of its levels.

Inventory:

Hand Weapons
 b - a +0 dagger (weapon)
Armour
 a - a +0 robe
 e - a +0 leather armour of positive energy
Scrolls
 d - a scroll of identify {unknown}
Potions
 c - a potion of degeneration


   Skills:
 * Level 0.1 Fighting
 * Level 0.1 Short Blades
 * Level 0.1 Armour
 * Level 2.2 Dodging
 * Level 1.5 Stealth
 * Level 2.5 Spellcasting


You knew the following spells:

 Your Spells              Type           Power      Damage    Failure   Level
a - Sting                 Tmut/Pois      32%        1d4       8%          1
b - Poisonous Vapours     Pois/Air       16%        N/A       12%         2
c - Mephitic Cloud        Conj/Pois/Air  8%         N/A       24%         3
d - Olgreb's Toxic Radia  Pois           8%         N/A       61%         4
Your spell library was empty.

Dungeon Overview and Level Annotations

Branches:
Dungeon (1/15)

Altars:


Innate Abilities, Weirdness & Mutations

You are immune to sickness and miasma.
You are immune to poison.
Your flesh is very heat resistant. (rF++)
You are vulnerable to cold. (rC-)
You float through the air rather than walking.
You learn spells naturally, not from books.
Your magical power is your life essence.
You have superior vitality. (+4 MHP)


Message History

Aim: an endoplasm (98% to hit)
The sting hits the endoplasm.
The endoplasm partially resists.
The endoplasm is lightly wounded.
You hit the endoplasm.
The endoplasm is heavily wounded.
The endoplasm misses you.
You hit the endoplasm.
You kill the endoplasm!
A hobgoblin comes into view.
The hobgoblin shouts!
A hobgoblin comes into view.
The hobgoblin moves out of view.
You see here a +0 leather armour of positive energy.
e - a +0 leather armour of positive energy You start removing your armour.
You continue taking off your +0 robe. x2
The hobgoblin misses you.
You continue taking off your +0 robe.
The hobgoblin hits you.
You continue taking off your +0 robe.
The hobgoblin hits you. The hobgoblin misses you.
You finish taking off your +0 robe.
The hobgoblin attacks as you move away! The hobgoblin closely misses you.
The hobgoblin attacks as you move away! The hobgoblin hits you.
The hobgoblin attacks as you move away! The hobgoblin barely misses you.
Aiming: Sting (safe; 7% risk of failure)
Press: ? - help, Q - select action, (/) - cycle Shift-Dir - straight line, f - hobgoblin
Aim: a hobgoblin (71% to hit)
The sting hits the hobgoblin but does no damage.
The hobgoblin is poisoned.
The hobgoblin hits you.
* * * LOW HITPOINT WARNING * * *
It was a potion of degeneration.
There was something very wrong with that liquid.
You feel weakened.
You feel dopey.
You feel clumsy. The hobgoblin barely misses you. The hobgoblin hits you.
* * * LOW HITPOINT WARNING * * *
Unknown command.
The hobgoblin attacks as you move away! The hobgoblin misses you.
The hobgoblin hits you.
You die...

.(.......... .###########
.# .# .# ##### ### .#
#.#.# #.# .######
#.#.###.# .#≈≈~≈#
#.#.....#
.#≈~≈~######....@gg#
.'~≈~≈'............#######
##≈~≈~############........
#≈≈~≈# #..#.##[. ######
#........ #....##..
#...... . #.#..### #.#..#


You could see 2 hobgoblins.

Vanquished Creatures
  A bat (D:1)
  An endoplasm (D:1)
  A kobold (D:1)
3 creatures vanquished.

Notes
Turn   | Place    | Note
-------+----------+-------------------------------------------
     0 | D:1      | ChrisAssaf the Djinni Venom Mage began the quest for the
                  | Orb.
     0 | D:1      | ChrisAssaf set off with the following spells memorised:
                  | Sting, Poisonous Vapours, Mephitic Cloud, Olgreb's Toxic
                  | Radiance.
     0 | D:1      | Reached XP level 1. HP: 15/15 MP: 0/0
   101 | D:1      | Slain by a hobgoblin

Illustrated notes

Levels and vault maps discovered:
D:1:      minmay_arrival_shattered_statue, layout_loops_ring,
          shapermc_ecumenical_altar_venn, eino_curves_02, glass_columns_a,
          chequers_serial_rivers_room_b

Action                     || total
---------------------------++-------
  Melee: Dagger            ||     3
   Cast: Sting             ||     3
    Use: Potion            ||     1
   Stab: Sleeping          ||     1
  Dodge: Dodged            ||     7
